AoeStats
← Oni.cHAN

Socotra

505770126Analyzed
2v2 RM · 21d ago on Sep 11, 2026· 59m 51s· 4 players
Game mode
Random Map
Map size
Tiny (2 player)
Population
200
Speed
Normal
Resources
Standard
Victory
Conquest
Starting age
Dark Age
Ending age
Imperial Age
RankedLock teamsTeams togetherTeam positionsShared explorationLock speedFull tech treeHidden civsTurbo modeCheats
Victory
Defeat
🇺🇸 Magyars · United States
788
+16
🇺🇸 Ethiopians · United States
787
+16
🇦🇷 Khmer · Argentina
795
-16
🇦🇷 Sicilians · Argentina
788
-16
elmapuche4098
5:34 Loom
10:40 Feudal Age
11:15 Double-Bit Axe
11:10 Horse Collar
22:04 Fletching
26:28 Scale Barding Armor
29:20 Castle Age
29:20 Light Cavalry
29:34 Crossbowman
30:40 Chain Barding Armor
30:33 Forging
30:56 Bow Saw
30:47 Heavy Plow
31:01 Husbandry
36:46 Ballistics
37:44 Chain Barding Armor
38:25 Gold Mining
41:30 Iron Casting
40:54 Bodkin Arrow
41:34 Iron Casting
45:33 Stone Mining
49:34 Stone Shaft Mining
49:36 Gold Shaft Mining
50:43 Padded Archer Armor
53:58 Imperial Age
52:12 Wheelbarrow
51:23 Town Watch
51:58 Leather Archer Armor
55:41 Two-Man Saw
54:07 Arbalester
54:54 Thumb Ring
54:12 Hussar
56:05 Chemistry
57:34 Blast Furnace
56:34 Bracer
57:05 Ring Archer Armor
58:16 Guard Tower
59:25 Spies/Treason
EliteDeer040809
7:11 Loom
9:52 Feudal Age
10:31 Double-Bit Axe
10:42 Horse Collar
27:50 Castle Age
29:24 Bow Saw
29:46 Heavy Plow
33:13 Husbandry
33:29 Bloodlines
39:22 Ballistics
44:09 Imperial Age
43:27 Thumb Ring
43:22 Fletching
43:33 Padded Archer Armor
45:58 Chemistry
45:50 Parthian Tactics
53:05 Corvinian Army
53:19 Bodkin Arrow
53:40 Leather Archer Armor
53:44 Heavy Cavalry Archer
55:40 Two-Man Saw
59:20 Spies/Treason
Cerimedo
11:23 Feudal Age
27:47 Castle Age
28:08 Scale Mail Armor
Oni.cHAN
5:31 Loom
7:45 Loom
11:13 Feudal Age
13:47 Double-Bit Axe
31:41 Castle Age
33:06 Pikeman
33:22 Elite Skirmisher
36:14 Wheelbarrow
Connection lost

Rejoining the realm…

Still unreachable

The connection could not be restored.

Session expired

The server has moved on; the page needs a fresh start.